 Dungeon Crawl Stone Soup version 0.28-a0-1159-g27aa881441 (webtiles) character file.

Game seed: 10225124704245690156

603 bande the Chopper (level 7, -1/44 HPs)
             Began as a Gargoyle Fighter on Dec 14, 2021.
             Slain by Edmund (4 damage)
             ... on level 4 of the Dungeon on Dec 15, 2021.
             The game lasted 00:06:58 (4724 turns).

bande the Chopper (Gargoyle Fighter)                Turns: 4724, Time: 00:06:58

Health: -1/44      AC: 18    Str: 20    XL:     7   Next: 42%
Magic:  7/7        EV:  6    Int: 14    God:
Gold:   187        SH:  4    Dex: 11    Spells: 6/6 levels left

rFire   . . .      SeeInvis .   a - +0 war axe
rCold   . . .      Faith    .   c - +0 buckler
rNeg    + . .      Spirit   .   n - +0 plate armour
rPois   ∞          Reflect  .   b - +0 helmet
rElec   +          Harm     .   (no cloak)
rCorr   .          Rampage  .   (no gloves)
Will    .....                   (no boots)
Stlth   ..........              (no amulet)
HPRegen 0.14/turn               g - +6 ring of intelligence
MPRegen 0.10/turn               (no ring)

@: no status effects
A: sickness immunity, AC +4, negative energy resistance 1, electricity
resistance, torment resistance 1, petrification resistance
a: no special abilities


You were on level 4 of the Dungeon.
You visited 1 branch of the dungeon, and saw 4 of its levels.

You collected 187 gold pieces.

Inventory:

Hand Weapons
 a - a +0 war axe (weapon)
 o - a +0 flail
Armour
 b - a +0 helmet (worn)
 c - a +0 buckler (worn)
 n - a +0 plate armour (worn)
Jewellery
 g - a +6 ring of intelligence (left hand)
Wands
 i - a wand of polymorph (8)
Scrolls
 e - a scroll of enchant armour {unknown}
Potions
 d - a potion of might
 f - a potion of flight
 p - a potion of mutation {unknown}


   Skills:
 + Level 4.6 Fighting
 + Level 5.1 Axes
 + Level 4.6 Armour
 + Level 4.3 Shields
 + Level 0.1 Unarmed Combat
 * Level 2.0 Evocations


You had 6 spell levels left.
You didn't know any spells.
Your spell library contained the following spells:

 Spells                   Type           Power      Damage    Failure   Level
 Gell's Gravitas          Tloc           0%         N/A       100%        3
 Inner Flame              Hex/Fire       0%         N/A       100%        3
 Lesser Beckoning         Tloc           0%         N/A       100%        3
 Stone Arrow              Conj/Erth      0%         3d7       100%        3
 Teleport Other           Tloc           0%         N/A       100%        3
 Animate Armour           Summ/Erth      0%         N/A       100%        4
 Cause Fear               Hex            0%         N/A       100%        4
 Discord                  Hex            0%         N/A       100%        8
 Lehudib's Crystal Spear  Conj/Erth      0%         10d2      100%        8


Dungeon Overview and Level Annotations

Branches:
Dungeon (4/15)
 Temple: D:4-7

Altars:
Elyvilon

Annotations:
D:4 Edmund


Innate Abilities, Weirdness & Mutations

You are immune to sickness and miasma.
Your stone body is resilient. (AC +4)
You are immune to poison.
You resist negative energy. (rN+)
You are resistant to electric shocks. (rElec)
You are resistant to unholy torment.
You are immune to petrification.


Message History

Edmund is moderately wounded.
Edmund barely misses you.
You hit Edmund.
Edmund is moderately wounded.
Edmund barely misses you.
You hit Edmund.
Edmund is moderately wounded.
Edmund barely misses you.
You hit Edmund but do no damage.
Edmund is moderately wounded.
Edmund hits you but does no damage. Edmund barely misses you.
You hit Edmund.
Edmund is moderately wounded.
Edmund hits you but does no damage.
You hit Edmund.
Edmund is heavily wounded.
Edmund hits you with a +1 dire flail of protection.
You hit Edmund.
Edmund is heavily wounded.
Edmund hits you with a +1 dire flail of protection.
You barely miss Edmund.
Edmund is heavily wounded.
Edmund hits you with a +1 dire flail of protection!
* * * LOW HITPOINT WARNING * * *
Edmund completely misses you.
You hit Edmund but do no damage.
Edmund is heavily wounded.
Edmund hits you with a +1 dire flail of protection.
* * * LOW HITPOINT WARNING * * *
You barely miss Edmund.
Edmund is heavily wounded.
Edmund hits you but does no damage.
You hit Edmund but do no damage.
Edmund is heavily wounded.
Edmund hits you with a +1 dire flail of protection.
* * * LOW HITPOINT WARNING * * *
You hit Edmund but do no damage.
Edmund is heavily wounded.
Edmund hits you with a +1 dire flail of protection.
You die...

#### #########
#..<##.......#.
#..............
#..............
#......<.......
#...@@.........
#.......##...##
#.......# ..#
#........# ...
#........# ##
#........#
#......?.#
#....>..##


You could see Edmund.

Vanquished Creatures
  Grinder (D:3)
  Sigmund (D:3)
  Natasha (thrice) (D:2)
  Robin (D:3)
  2 adders (D:3)
  6 gnolls (D:3)
  2 worms (D:2)
  2 dart slugs (D:1)
  An orc (D:3)
  9 ball pythons
  9 bats
  6 endoplasms
  2 giant cockroaches
  14 goblins
  6 hobgoblins
  2 quokkas
  2 frilled lizards
  7 kobolds
  8 rats
84 creatures vanquished.

Vanquished Creatures (others)
  4 plants (D:3)
4 creatures vanquished.

Grand Total: 88 creatures vanquished

Notes
Turn   | Place    | Note
-------+----------+-------------------------------------------
     0 | D:1      | bande the Gargoyle Fighter began the quest for the Orb.
     0 | D:1      | Reached XP level 1. HP: 14/14 MP: 1/1
    77 | D:1      | Reached XP level 2. HP: 18/19 MP: 2/2
   311 | D:1      | Reached skill level 2 in Axes
   450 | D:1      | Upgraded the game from 0.28-a0-1152-g9c71ebef14 to
                  | 0.28-a0-1159-g27aa881441
   478 | D:1      | Reached XP level 3. HP: 23/23 MP: 3/3
   959 | D:2      | Noticed Natasha
   971 | D:2      | Killed Natasha
  1177 | D:2      | Found a faded altar of an unknown god.
  1195 | D:2      | Reached XP level 4. HP: 29/29 MP: 4/4
  1388 | D:2      | Noticed Natasha
  1401 | D:2      | Killed Natasha
  1402 | D:2      | Reached skill level 3 in Axes
  1890 | D:2      | Noticed Natasha
  1901 | D:2      | Killed Natasha
  1902 | D:2      | Reached XP level 5. HP: 18/33 MP: 5/5
  2130 | D:2      | Found a white marble altar of Elyvilon.
  3345 | D:3      | Noticed Robin
  3347 | D:3      | Noticed Sigmund
  3372 | D:3      | Killed Robin
  3373 | D:3      | Reached skill level 4 in Axes
  3373 | D:3      | Reached XP level 6. HP: 22/38 MP: 6/6
  3379 | D:3      | Killed Sigmund
  3380 | D:3      | Reached skill level 1 in Evocations
  3739 | D:3      | Noticed Grinder
  3742 | D:3      | Paralysed by Grinder for 7 turns
  3789 | D:3      | Killed Grinder
  3790 | D:3      | Reached skill level 5 in Axes
  3790 | D:3      | Reached XP level 7. HP: 8/44 MP: 7/7
  4698 | D:4      | Noticed Edmund
  4724 | D:4      | Slain by Edmund

Illustrated notes

Levels and vault maps discovered:
D:1:      dpeg_arrival_renting, layout_loops_ring
D:2:      layout_basic, basic_altar, basic_ecumenical_altar, uniq_natasha
D:3:      layout_loops_cross, serial_forest, infiniplex_forest_clump_diagonal,
          infiniplex_forest_clump_long, infiniplex_forest_clump_C,
          infiniplex_forest_end_1, infiniplex_forest_clump_curved,
          infiniplex_forest_lined_corner, infiniplex_forest_clump_diagonal,
          infiniplex_forest_clump_diagonal, uniq_grinder, uniq_robin,
          uniq_sigmund
D:4:      layout_gridville, uniq_duvessa, uniq_edmund

Skill      XL: |  1  2  3  4  5  6 |
---------------+-------------------+-----
Axes           | 2 3 4 5 |  5.1
Armour         | 4 |  4.6
Fighting       | 4 |  4.6
Shields        | 4 |  4.3
Evocations     | 2 |  2.0
Unarmed Combat | |  0.1

Action                   |  1- 3 |  4- 6 |  7- 9 || total
-------------------------+-------+-------+-------++-------
Melee: War axe           |    97 |   170 |    29 ||   296
       Unarmed           |       |    16 |       ||    16
  Use: Scroll            |     1 |     5 |       ||     6
       Potion            |       |     2 |       ||     2
Armor: Scale mail        |    54 |    43 |       ||    97
       Plate armour      |       |    79 |    11 ||    90
Dodge: Dodged            |    56 |    86 |    13 ||   155
Block: Buckler           |    22 |    44 |     2 ||    68

Table legend: (Time is in decaauts)
 A = Elapsed time spent in this place.
 B = Non-inter-level travel time spent in this place.
 C = Inter-level travel time spent in this place.
 D = Time resting spent in this place.
 E = Time spent auto-exploring this place.
 F = Levels seen in this place.
 G = Mean time per level.
                   A        B        C        D        E       F      G
               +--------+--------+--------+--------+--------+-----+--------+
         Total |   4833 |   4684 |    149 |   1655 |   2257 |   4 | 1208.2 |
       Dungeon |   4833 |   4684 |    149 |   1655 |   2257 |   4 | 1208.2 |
               +--------+--------+--------+--------+--------+-----+--------+

Top non-repeatable levels by time:
     D:3: 2016 daAuts
     D:2: 1805 daAuts
     D:1: 980 daAuts
     D:4: 31 daAuts
